 Dungeon Crawl Stone Soup version 0.29.1-1-gd02db6906a (webtiles) character file.

Game seed: 11244931140290419339

543 Zeld the Chopper (level 7, -3/54 (61) HPs)
             Began as a Minotaur Berserker on Oct 20, 2022.
             Was a Priest of Trog.
             Slain by a wight
             ... wielding a +4 halberd
              (7 damage)
             ... on level 4 of the Dungeon.
             The game lasted 00:01:52 (4757 turns).

Zeld the Chopper (Minotaur Berserker)               Turns: 4757, Time: 00:01:52

HP:   -3/54 (61)    AC:  3    Str: 24    XL:     7   Next: 6%
MP:   6/6           EV: 12    Int:  4    God:    Trog [***...]
Gold: 184           SH:  0    Dex:  9    Spells: 6/6 levels left

rFire   . . .      SeeInvis .   a - +0 hand axe
rCold   . . .      Faith    .   (no shield)
rNeg    . . .      Spirit   .   b - +0 animal skin
rPois   .          Reflect  .   i - +1 hat
rElec   .          Harm     .   (no cloak)
rCorr   .          Rampage  .   (no gloves)
Will    ++...                   (no boots)
Stlth   +.........              (no amulet)
HPRegen 1.18/turn               (no ring)
MPRegen 0.10/turn               (no ring)

@: strong-willed, on berserk cooldown, regenerating, slowed, heavily drained,
very slow
A: horns 2, retaliatory headbutt
a: Renounce Religion, Berserk, Trog's Hand


You were on level 4 of the Dungeon.
You worshipped Trog.
Trog was most pleased with you.
You visited 1 branch of the dungeon, and saw 4 of its levels.

You collected 184 gold pieces.

Inventory:

Hand Weapons
 a - a +0 hand axe (weapon)
Armour
 b - a +0 animal skin (worn)
 i - a +1 hat (worn)
Jewellery
 f - a ring of magical power
 l - a ring of ice
 p - a ring of willpower
Wands
 o - a wand of flame (9)
Scrolls
 c - 13 scrolls of identify {unknown}
 e - a scroll of immolation {unknown}
 h - a scroll of teleportation {unknown}
 j - a scroll of enchant weapon {unknown}
 m - 2 scrolls of vulnerability {unknown}
 q - a scroll of blinking {unknown}
Potions
 d - a potion of haste {unknown}
 g - 7 potions of curing {unknown}
 k - a potion of berserk rage {unknown}
 n - 3 potions of flight {unknown}


   Skills:
 + Level 5.4 Fighting
 * Level 6.7 Axes
 + Level 4.6 Armour
 + Level 4.2 Dodging


You had 6 spell levels left.
You didn't know any spells.
Your spell library was empty.

Dungeon Overview and Level Annotations

Branches:
Dungeon (4/15)
 Temple: D:4-7

Altars:
Fedhas
The Shining One


Innate Abilities, Weirdness & Mutations

You have a pair of horns on your head.
You reflexively headbutt those who attack you in melee.


Message History

You feel drained. The wight hits you with a +0 scimitar.
You feel drained.
Unknown command.
Unknown command.
You slash the wight!
You destroy the wight!
Trog accepts your kill.
The wight hits you from afar with a +2 vampiric spear!
You feel drained.
You have reached level 7!
You are too injured to fight recklessly!
Unknown command.
You are too injured to fight recklessly!
Unknown command.
You are too injured to fight recklessly!
You are too injured to fight recklessly!
Unknown command.
You hit the wight. Your headbutt misses the wight.
The wight is moderately damaged.
You hit the wight. You barely miss the wight. Your headbutt misses the wight.
The wight is moderately damaged.
You barely miss the wight. The wight closely misses you. x2
The wight hits you with a +0 dagger.
You feel drained.
You closely miss the wight.
The wight is moderately damaged.
You hit the wight.
You feel a strong urge to attack something.
You are no longer berserk.
You are exhausted.
You feel yourself slow down.
Okay, then.
Your skin crawls.
You feel strong-willed.
The wight hits you from afar with a +2 vampiric spear.
You feel drained.
The wight barely misses you. x2; The wight misses you.
The wight barely misses you.
The wight hits you from afar with a +4 halberd!!
* * * LOW HITPOINT WARNING * * *
You feel drained.
You die...

#....)##.............#.##..
#..##.........#.....##.##..
#...#.......###......#.....
#...#......## #............
######..##......## #............
#..............>.# #............
#................##.........#.#.
#.........###....###.......####.
#.....)...# #..@####.......# #.
#.....)...# ##.zzz.......... .
##........# ###.z..........
#..##......# #.#.)#......
#...#......................
#...........#.###._.###..##
#........###....#...#....#
.........# ...#.##.##.#..#
##..##....# ##.#.......#...


You could see 4 wights.

Vanquished Creatures
  Sigmund (D:3)
  An ogre (D:4)
  A wight (D:4)
  An orc priest (D:2)
  Natasha (thrice) (D:3)
  Robin (D:3)
  3 gnolls (D:2)
  3 adders
  A dart slug (D:1)
  2 orcs (D:2)
  6 endoplasms
  A giant cockroach (D:1)
  8 hobgoblins
  4 kobolds
  2 quokkas (D:1)
  5 ball pythons
  10 bats
  3 frilled lizards
  13 goblins
  9 rats
78 creatures vanquished.

Notes
Turn   | Place    | Note
-------+----------+-------------------------------------------
     0 | D:1      | Zeld the Minotaur Berserker began the quest for the Orb.
     0 | D:1      | Reached XP level 1. HP: 19/19 MP: 0/0
   170 | D:1      | Reached XP level 2. HP: 27/27 MP: 1/1
   298 | D:1      | Reached skill level 4 in Axes
   650 | D:1      | Reached ** piety under Trog
  1259 | D:1      | Reached XP level 3. HP: 33/33 MP: 2/2
  1412 | D:1      | Found a faded altar of an unknown god.
  2049 | D:2      | Found a blossoming altar of Fedhas.
  2080 | D:2      | Reached XP level 4. HP: 21/40 MP: 3/3
  2445 | D:2      | Reached skill level 5 in Axes
  2947 | D:3      | Noticed Natasha
  2954 | D:3      | Killed Natasha
  2955 | D:3      | Reached XP level 5. HP: 33/47 MP: 4/4
  3080 | D:3      | Noticed Sigmund
  3714 | D:3      | Killed Sigmund
  3715 | D:3      | Reached skill level 6 in Axes
  3715 | D:3      | Reached XP level 6. HP: 47/55 MP: 5/5
  3870 | D:3      | Noticed Natasha
  3881 | D:3      | Killed Natasha
  3882 | D:3      | Reached skill level 5 in Fighting
  3883 | D:3      | Noticed Robin
  3886 | D:3      | Killed Robin
  3897 | D:3      | Noticed Natasha
  4138 | D:3      | Killed Natasha
  4640 | D:4      | Reached *** piety under Trog
  4736 | D:4      | Found a glowing golden altar of the Shining One.
  4750 | D:4      | Reached XP level 7. HP: 42/60 MP: 6/6
  4757 | D:4      | Slain by a wight

Illustrated notes

Levels and vault maps discovered:
D:1:      mushboom_english_gardens, layout_basic,
          shapermc_ecumenical_altar_mp_highgroup, minmay_tiny_reverse_x
D:2:      layout_basic, basic_altar, hangedman_abyss_or_decor_stabs
D:3:      layout_rooms, chequers_serial_rivers_small_3, uniq_natasha,
          uniq_robin, uniq_sigmund
D:4:      layout_cave_pools, mainiacjoe_overflow_large_starburst,
          nicolae_shop_dragon_depot, minivault_11, minivault_25,
          dreamdust_mushroom_princess

Skill      XL: |  1  2  3  4  5  6 |
---------------+-------------------+-----
Axes           | 4 5 6 |  6.7
Fighting       | 4 5 |  5.4
Armour         | 3 4 |  4.6
Dodging        | 3 4 |  4.2

Action                   |  1- 3 |  4- 6 |  7- 9 || total
-------------------------+-------+-------+-------++-------
Melee: Hand axe          |    87 |    81 |     3 ||   171
       Headbutt          |    10 |    18 |       ||    28
       Punch             |     1 |     2 |       ||     3
Invok: Berserk           |       |     3 |       ||     3
       Trog's Hand       |       |       |     1 ||     1
Armor: Animal skin       |    20 |    16 |       ||    36
Dodge: Dodged            |    75 |    52 |     6 ||   133
